 Dungeon Crawl Stone Soup version 0.29.0-10-g45618ea6d2 (webtiles) character file.

Game seed: 9934768723004180439

17542 Zeldest the Cleaver (level 12, -2/98 HPs)
             Began as a Formicid Fighter on Sept 2, 2022.
             Slain by a meliai
             ... wielding a +0 hand axe
              (4 damage)
             ... in a Gauntlet.
             The game lasted 00:14:07 (12075 turns).

Zeldest the Cleaver (Formicid Fighter)             Turns: 12075, Time: 00:14:07

Health: -2/98      AC: 28    Str: 23    XL:     12   Next: 83%
Magic:  12/12      EV:  8    Int:  9    God:
Gold:   148        SH: 12    Dex: 13    Spells: 11/11 levels left

rFire   + . .      SeeInvis +   M - +4 battleaxe
rCold   + + .      Faith    .   c - +0 buckler
rNeg    . . .      Spirit   .   y - +7 chain mail of the Griffon {rF+ rC+}
rPois   +          Reflect  +   (helmet unavailable)
rElec   .          Harm     .   w - +1 cloak
rCorr   .          Rampage  .   (no gloves)
Will    +....                   f - +2 pair of boots
Stlth   ..........              i - amulet of reflection
HPRegen 0.26/turn               V - +4 ring of protection
MPRegen 0.13/turn               d - ring of Satisfaction {Fly rPois rC+ Str-2 SInv}

@: flying, studying 2 skills
A: permanent stasis, dig shafts and tunnels, antennae 3, four strong arms
a: Dig


You were in a Gauntlet.
You visited 4 branches of the dungeon, and saw 16 of its levels.
You also visited: Sewer and Gauntlet.

You collected 932 gold pieces.
You spent 784 gold pieces at shops.

Inventory:

Hand Weapons
 M - a +4 battleaxe (weapon)
 P - a +3 scimitar of flaming
Missiles
 n - a throwing net
 J - 8 curare-tipped darts
Armour
 c - a +0 buckler (worn)
 f - a +2 pair of boots (worn)
 w - a +1 cloak (worn)
 y - the +7 chain mail of the Griffon (worn) {rF+ rC+}
   (You took it off a hobgoblin on level 4 of the Dungeon)

   rF:        It protects you from fire.
   rC:        It protects you from cold.
Jewellery
 d - the ring of Satisfaction (right hand) {Fly rPois rC+ Str-2 SInv}
   (You found it in a Gauntlet)

   [ring of poison resistance]

   Str:       It affects your strength (-2).
   rC:        It protects you from cold.
   rPois:     It protects you from poison.
   SInv:      It lets you see invisible.
   Fly:       It grants you flight.
 e - a +4 ring of evasion
 i - an amulet of reflection (around neck)
 G - a +4 ring of evasion
 K - a ring of willpower
 N - a ring of poison resistance
 V - a +4 ring of protection (left hand)
 W - a ring of fire
Wands
 v - a wand of flame (12)
 C - a wand of iceblast (13)
 L - a wand of acid (11)
 O - a wand of digging (7)
 U - a wand of charming (9)
Scrolls
 g - 2 scrolls of noise {unknown}
 h - 4 scrolls of amnesia {unknown}
 k - 3 scrolls of magic mapping {unknown}
 o - 2 scrolls of poison {unknown}
 q - a scroll of enchant armour {unknown}
 r - 3 scrolls of fear {unknown}
 s - 4 scrolls of fog {unknown}
 x - 3 scrolls of summoning {unknown}
 B - 5 scrolls of teleportation {unknown}
 F - 2 scrolls of vulnerability {unknown}
 I - 2 scrolls of blinking {unknown}
 R - a scroll of torment {unknown}
 S - a scroll of immolation {unknown}
 X - a scroll of brand weapon {unknown}
Potions
 a - a potion of degeneration
 j - a potion of lignification
 l - a potion of magic
 m - a potion of cancellation
 p - 5 potions of curing
 t - 4 potions of haste
 u - 2 potions of brilliance
 z - 3 potions of mutation
 A - 3 potions of attraction {unknown}
 D - 3 potions of resistance {unknown}
 E - 3 potions of heal wounds {unknown}
 H - 4 potions of flight {unknown}
 Q - a potion of berserk rage {unknown}
 T - 2 potions of invisibility {unknown}


   Skills:
 + Level 10.5 Fighting
 * Level 13.0 Axes
 + Level 10.5 Armour
 + Level 12.4 Shields


You had 11 spell levels left.
You didn't know any spells.
Your spell library contained the following spells:

 Spells                   Type           Power      Damage    Failure   Level
 Scorch                   Fire           0%         2d5       98%         2
 Flame Wave               Conj/Fire      0%         2d4       100%        4
 Summon Cactus Giant      Summ           0%         N/A       100%        6


Dungeon Overview and Level Annotations

Branches:
Dungeon (11/15)            Temple (1/1) D:4            Lair (2/5) D:11
    Orc (2/2) D:11          Sewer (visited)         Gauntlet (1/1)
  Swamp: Lair:2-3    Shoals: Lair:2-3     Snake: Lair:2-3    Spider: Lair:2-3
    Elf: Orc:2

Altars:
Ashenzari
Cheibriados
Dithmenos
Elyvilon
Fedhas
Gozag
Hepliaklqana
Kikubaaqudgha
Makhleb
Nemelex Xobeh
Okawaru
Qazlal
Ru
Sif Muna
Trog
Uskayaw
Vehumet
Wu Jian
Xom
Yredelemnul
Zin
The Shining One

Shops:
D:11 [

Portals:
Abyss: D:8

Annotations:
D:8 2 transporters, Tollund's ghost, novice TeAE
Lair:2 2 transporters, Huxoxzufuz's ghost, journeyman GnFi Gauntlet 7 transporters, 17 runed translucent doors


Innate Abilities, Weirdness & Mutations

You cannot be hasted, slowed, berserked, paralysed or teleported.
You can dig through walls and to a lower floor.
You have a pair of large antennae on your head. (SInv)
Your four strong arms can wield two-handed weapons with a shield.


Message History

The meliai stings you but does no damage.
The meliai mumbles some strange prayers to its god against you.
Something smites you!
The meliai calls upon its god to heal the meliai.
The meliai is healed somewhat.
The meliai calls down the wrath of its god upon you.
Something smites you! You block the meliai's attack.
The meliai stings you but does no damage.
Okay, then.
Okay, then.
Okay, then.
Okay, then.
You barely miss the meliai.
The meliai is moderately wounded.
You slice the meliai!! You closely miss the meliai.
The meliai hits you but does no damage.
The meliai stings you but does no damage.
You block the meliai's attack. The meliai barely misses you.
The meliai hits you with a +0 war axe.
The meliai stings you but does no damage.
The meliai invokes the aid of its god against you.
Something smites you!
* * * LOW HITPOINT WARNING * * *
The meliai hits you with a +0 broad axe!
* * * LOW HITPOINT WARNING * * *
The meliai stings you but does no damage.
The meliai hits you with a +0 hand axe.
* * * LOW HITPOINT WARNING * * *
You block the meliai's attack.
You slash the meliai!
The meliai is almost dead.
You hit the meliai but do no damage. You slash the meliai!
You kill the meliai!
You block the meliai's attack.
The meliai stings you but does no damage.
The meliai invokes the aid of its god against you.
Something smites you!
* * * LOW HITPOINT WARNING * * *
The meliai hits you with a +0 hand axe.
You die...

...#...§8§...#...#.8...###
.©.#....§....#.©.#.....#8#
#######...###########..###
#.#ZZZ#...#..+.©.+..#..#
...#..#...#..+...+..#..###
...##.#...#++#+#'#++#..#8#
#.#..##...#..+...+..#..###
.©....#...#..+...+..#..#
#.#..##...#++#.y@#++#..###
#####.#...#..#'y)#..#..#8#
...#..#...#.........#..###
.©"?..#...#..!!©"...#..#
#######...###########..###
.......................#8#
.......≈∩≈............≈###
########################
≈...............≈# #8#


You could see 2 meliai.

Vanquished Creatures
  2 two-headed ogres
  Erica (D:8)
  4 death yaks (Gauntlet)
  A necromancer (Gauntlet)
  A moth of wrath (Gauntlet)
  A cyclops (D:11)
  A cane toad (Lair:1)
  Maggie (D:8)
  A komodo dragon (Lair:1)
  A kobold demonologist (D:10)
  A meliai (Gauntlet)
  2 trolls (D:10)
  Prince Ribbit (D:7)
  A shadow (D:9)
  A vampire (D:11)
  34 yaks
  A wyvern (Lair:2)
  A wraith (D:9)
  2 steam dragons
  A warg (Orc:1)
  An acid dragon (D:7)
  6 water moccasins
  Pargi (Sewer)
  A sky beast (D:7)
  3 orc warriors
  2 ice beasts
  4 black bears
  An ogre (Orc:2)
  3 wolves (Gauntlet)
  2 centaurs
  12 kobold brigands
  2 bullfrogs (D:7)
  A necrophage (D:7)
  A scorpion (D:5)
  A gnoll sergeant (D:8)
  5 wights (D:7)
  4 killer bees (D:9)
  2 electric eels (D:9)
  A howler monkey (D:6)
  2 hounds
  A jelly (D:6)
  3 orc priests
  Crazy Yiuf (D:2)
  2 iguanas (D:5)
  Terence (D:3)
  11 orc wizards
  Robin (D:2)
  9 adders
  11 gnolls
  2 shadow imps (D:10)
  A white imp (D:7)
  2 ufetubi
  3 worms
  3 dart slugs (D:1)
  47 orcs
  7 endoplasms
  6 giant cockroaches
  11 goblins
  11 hobgoblins
  5 jackals
  41 kobolds
  5 quokkas
  8 ball pythons
  10 bats
  3 frilled lizards
  7 kobold skeletons (D:10)
  11 kobold zombies (D:10)
  5 rats
342 creatures vanquished.

Vanquished Creatures (others)
  An orc (D:9)
  A kobold (D:10)
  5 fungi
  27 plants
34 creatures vanquished.

Grand Total: 376 creatures vanquished

Notes
Turn   | Place    | Note
-------+----------+-------------------------------------------
     0 | D:1      | Zeldest the Formicid Fighter began the quest for the Orb.
     0 | D:1      | Reached XP level 1. HP: 18/18 MP: 1/1
    33 | D:1      | Reached XP level 2. HP: 20/24 MP: 2/2
   191 | D:1      | Reached XP level 3. HP: 26/29 MP: 3/3
   254 | D:1      | Found a faded altar of an unknown god.
   555 | D:2      | Reached skill level 3 in Axes
   555 | D:2      | Reached XP level 4. HP: 28/37 MP: 4/4
   731 | D:2      | You fall into a shaft and drop 1 floor!
   796 | D:3      | Found a glowing drain.
   833 | D:3      | Reached XP level 5. HP: 34/42 MP: 5/5
   853 | Sewer    | Entered a sewer
   934 | Sewer    | Identified the +8 scimitar of Modesty {spect, *Corrode
                  | rPois Will+ Int+3}
   969 | Sewer    | Noticed Pargi
   989 | Sewer    | Killed Pargi
   990 | Sewer    | Reached skill level 4 in Axes
   990 | Sewer    | Reached skill level 5 in Shields
   990 | Sewer    | Reached XP level 6. HP: 22/49 MP: 6/6
  1264 | D:3      | Found a radiant altar of Vehumet.
  1324 | D:3      | Noticed Terence
  1333 | D:3      | Killed Terence
  1659 | D:3      | Found an opulent altar of Gozag.
  1661 | D:3      | Found a stormy altar of Qazlal.
  1661 | D:3      | Found a glowing silver altar of Zin.
  1663 | D:3      | Found a shimmering altar of Xom.
  1663 | D:3      | Found a hazy altar of Hepliaklqana.
  1663 | D:3      | Found a stormy altar of Qazlal.
  1938 | D:2      | Noticed Robin
  1950 | D:2      | Killed Robin
  2110 | D:2      | Found a runed translucent door.
  2111 | D:2      | Noticed Crazy Yiuf
  2460 | D:2      | Killed Crazy Yiuf
  2461 | D:2      | Reached XP level 7. HP: 31/55 MP: 7/7
  2858 | D:4      | Identified the +7 chain mail of the Griffon {rF+ rC+}
  3351 | D:4      | Found a staircase to the Ecumenical Temple.
  3457 | Temple   | Entered the Ecumenical Temple
  3457 | Temple   | Found a transporter.
  3457 | Temple   | Found a transporter.
  3459 | Temple   | Found a transporter.
  3459 | Temple   | Found a transporter.
  3617 | D:5      | Entered Level 5 of the Dungeon
  3643 | D:5      | Reached skill level 5 in Axes
  3735 | D:5      | Reached skill level 5 in Armour
  3746 | D:5      | Reached skill level 5 in Fighting
  3757 | D:5      | Reached XP level 8. HP: 53/62 MP: 8/8
  4077 | D:5      | Noticed a yak
  4077 | D:5      | Noticed a yak
  4077 | D:5      | Noticed a yak
  4078 | D:5      | Noticed a yak
  4081 | D:5      | Noticed a yak
  4097 | D:5      | Killed a yak
  4098 | D:5      | Reached skill level 6 in Axes
  4108 | D:5      | Killed a yak
  4116 | D:5      | Killed a yak
  4121 | D:5      | Killed a yak
  4133 | D:5      | Killed a yak
  4134 | D:5      | Reached skill level 7 in Axes
  4134 | D:5      | Reached XP level 9. HP: 48/69 MP: 9/9
  4435 | D:6      | Reached skill level 8 in Axes
  5234 | D:6      | Found a sacrificial altar of Ru.
  5331 | D:6      | Found an ornate altar of the Wu Jian Council.
  5718 | D:7      | Noticed Prince Ribbit
  5733 | D:7      | Killed Prince Ribbit
  5904 | D:7      | Reached XP level 10. HP: 75/76 MP: 10/10
  5995 | D:7      | Found a broken altar of Ashenzari.
  6237 | D:7      | Found a bloodstained altar of Trog.
  6242 | D:7      | Reached skill level 9 in Axes
  6836 | D:8      | Noticed Maggie
  6845 | D:8      | Killed Maggie
  6959 | D:8      | Identified the +5 dagger "Lacertilianbane" {antimagic,
                  | Int+2}
  7229 | D:8      | Noticed Tollund's ghost (novice TeAE)
  7281 | D:8      | Reached skill level 10 in Axes
  7491 | D:8      | Noticed Erica
  7508 | D:8      | Killed Erica
  7509 | D:8      | Reached skill level 10 in Shields
  7509 | D:8      | Reached XP level 11. HP: 87/87 MP: 11/11
  7516 | D:8      | Found a transporter.
  7531 | D:8      | Found a shimmering blue altar of Sif Muna.
  7580 | D:8      | Found a one-way gate to the infinite horrors of the Abyss.
  7581 | D:8      | Found a transporter.
  7672 | D:8      | Noticed a two-headed ogre
  7677 | D:8      | Killed a two-headed ogre
  7874 | D:8      | Found a hazy altar of Hepliaklqana.
  8023 | D:9      | Found an iron altar of Okawaru.
  8408 | D:9      | Found a hide-covered altar of Uskayaw.
  8498 | D:9      | Reached skill level 11 in Axes
  8779 | D:10     | Entered Level 10 of the Dungeon
  8897 | D:10     | Found an ancient bone altar of Kikubaaqudgha.
  9324 | D:10     | Found an ancient bone altar of Kikubaaqudgha.
  9908 | D:11     | Found a staircase to the Orcish Mines.
 10046 | D:11     | Reached XP level 12. HP: 80/96 MP: 12/12
 10113 | D:11     | Found a staircase to the Lair.
 10242 | D:11     | Noticed a two-headed ogre
 10259 | D:11     | Reached skill level 12 in Axes
 10274 | D:11     | Killed a two-headed ogre
 10461 | D:11     | Found Nulos's Antique Armour Shop.
 10776 | Orc:1    | Entered Level 1 of the Orcish Mines
 10799 | Orc:1    | Reached skill level 10 in Armour
 10971 | Orc:2    | Entered Level 2 of the Orcish Mines
 11107 | D:11     | Bought a distressingly furry plate armour for 784 gold
                  | pieces
 11107 | D:11     | Identified the +0 plate armour of the Sea {Int+3} (You
                  | bought it in a shop on level 11 of the Dungeon)
 11127 | Lair:1   | Entered Level 1 of the Lair of Beasts
 11199 | Lair:1   | Reached skill level 10 in Fighting
 11265 | Lair:1   | You fall into a shaft and drop 1 floor!
 11296 | Lair:2   | Found a bloodstained altar of Trog.
 11296 | Lair:2   | Noticed Huxoxzufuz's ghost (journeyman GnFi)
 11306 | Lair:2   | Noticed a spriggan rider
 11313 | Lair:2   | Found a transporter.
 11317 | Lair:2   | Found a transporter.
 11478 | Lair:2   | Found a gate leading to a gauntlet.
 11485 | Gauntlet | Entered a Gauntlet
 11485 | Gauntlet | Found a transporter.
 11485 | Gauntlet | Found a transporter.
 11486 | Gauntlet | Found a transporter.
 11489 | Gauntlet | Found a transporter.
 11489 | Gauntlet | Found a transporter.
 11489 | Gauntlet | Found a transporter.
 11492 | Gauntlet | Noticed a death yak
 11495 | Gauntlet | Noticed a death yak
 11495 | Gauntlet | Noticed a sixfirhy
 11495 | Gauntlet | Noticed a death yak
 11495 | Gauntlet | Noticed a death yak
 11498 | Gauntlet | Noticed a sixfirhy
 11499 | Gauntlet | Found a transporter.
 11503 | Gauntlet | Found a transporter.
 11505 | Gauntlet | Found a large runed translucent door.
 11506 | Gauntlet | Found a large runed translucent door.
 11507 | Gauntlet | Found a large runed translucent door.
 11507 | Gauntlet | Found a large runed translucent door.
 11507 | Gauntlet | Found a runed translucent door.
 11507 | Gauntlet | Found a runed translucent door.
 11508 | Gauntlet | Found a large runed translucent door.
 11508 | Gauntlet | Found a large runed translucent door.
 11508 | Gauntlet | Found a large runed translucent door.
 11508 | Gauntlet | Found a large runed translucent door.
 11509 | Gauntlet | Found a large runed translucent door.
 11509 | Gauntlet | Found a large runed translucent door.
 11509 | Gauntlet | Noticed a sixfirhy
 11510 | Gauntlet | Found a large runed translucent door.
 11510 | Gauntlet | Found a large runed translucent door.
 11511 | Gauntlet | Found a runed translucent gate.
 11511 | Gauntlet | Found a runed translucent gate.
 11511 | Gauntlet | Found a runed translucent gate.
 11513 | Gauntlet | Found a transporter.
 11519 | Gauntlet | Found a transporter.
 11537 | Gauntlet | Found a transporter.
 11541 | Gauntlet | Found a transporter.
 11543 | Gauntlet | Noticed a sixfirhy
 11621 | Gauntlet | Found a large runed translucent door.
 11621 | Gauntlet | Found a large runed translucent door.
 11624 | Gauntlet | Found a large runed translucent door.
 11624 | Gauntlet | Found a large runed translucent door.
 11941 | Gauntlet | Killed a death yak
 11941 | Gauntlet | Killed a death yak
 11947 | Gauntlet | Killed a death yak
 11953 | Gauntlet | Killed a death yak
 11954 | Gauntlet | Reached skill level 13 in Axes
 11959 | Gauntlet | Identified the ring of Satisfaction {Fly rPois rC+ Str-2
                  | SInv}
 12075 | Gauntlet | HP: 2/98 [meliai/divine providence (12)]
 12075 | Gauntlet | Slain by a meliai

Illustrated notes

Levels and vault maps discovered:
D:1:      psy_arrival_terrarium, layout_rooms, ebering_ecumenical_altar_box,
          minmay_3d_cube
D:2:      layout_basic, eino_tiny_chamber, minmay_crystal_room,
          chequers_decorated_corner, minmay_split_cup_large, uniq_robin,
          uniq_crazy_yiuf_cottage
D:3:      layout_basic, doesnt_xom_only_xom, vehumet_crystals, serial_forest,
          infiniplex_forest_clump_double, infiniplex_forest_end_1,
          infiniplex_forest_fountain, infiniplex_forest_lined_corner,
          infiniplex_forest_lined_4_way, infiniplex_forest_end_3,
          infiniplex_forest_straight_2, gup_sewer_entry_glass, uniq_terence
D:4:      layout_layer_cave, temple_fountains
D:5:      layout_rooms, minivault_24, chequers_serial_rivers_micro_b
D:6:      layout_layer_cave, nicolae_ru_the_path_less_chosen,
          mainiacjoe_overflow_alcove_2
D:7:      layout_basic, trog_ov_bears_minmay, amcnicky_altar_gilded,
          minivault_26, uniq_prince_ribbit1
D:8:      layout_loops_ring, led_sif_pool, worldfamousw_hep_ancestral_shrine,
          gammafunk_ghost_abyssal_escape, uniq_erica, uniq_maggie
D:9:      layout_basic, nicolae_uskayaw_suspiria, okawaru_ov_weapons_minmay,
          serial_bayou_ford_a
D:10:     wander_kiku_kobolds, layout_loops_ring, lemuel_crystal_altar
D:11:     layout_basic, lair_entry_dummy, orc_0_dummy, serial_shops, shop_statue
Temple:   hellmonk_temple_divided_pantheon
Lair:1:   layout_cave_pods, serial_bayou_shore_a, infiniplex_staircase_pool,
          grunt_megastairs_4, lemuel_fruit_tree
Lair:2:   layout_layer_cave, gauntlet_entry_generic,
          gammafunk_ghost_wrathful_warriors, nzn_random_ring
Orc:1:    layout_caves, basic_altar, serial_shops, nicolae_shop_stone
Orc:2:    st_orc_town, layout_caves, basic_altar
Gauntlet: gammafunk_gauntlet_hard_choice [gammafunk_gauntlet_arena_hedges,
          gammafunk_gauntlet_arena_split_diamond, nicolae_gauntlet_arena_x,
          gammafunk_gauntlet_arena_crates,
          minmay_gauntlet_arena_make_your_own_arena,
          gammafunk_gauntlet_arena_chambers, gauntlet_exit_watery]

Skill      XL: |  1  2  3  4  5  6  7  8  9 10 11 12 |
---------------+-------------------------------------+-----
Axes           | 3 4 5 7 8 10 11 13 | 13.0
Fighting       | 4 5 6 7 8 9 10 | 10.5
Armour         | 4 5 6 7 8 9 10 | 10.5
Shields        | 5 6 7 8 10 11 12 | 12.4

Action                   |  1- 3 |  4- 6 |  7- 9 | 10-12 || total
-------------------------+-------+-------+-------+-------++-------
Melee: War axe           |    81 |   179 |   271 |    11 ||   542
       Battleaxe         |       |       |       |   456 ||   456
 Abil: Dig               |       |     1 |       |       ||     1
       Shaft Self        |       |       |       |     1 ||     1
Evoke: Wand              |       |       |       |     4 ||     4
  Use: Scroll            |       |       |       |     7 ||     7
       Potion            |       |       |       |     3 ||     3
Armor: Scale mail        |    45 |    47 |       |       ||    92
       Troll leather arm |       |    18 |     7 |       ||    25
       Chain mail        |       |       |   120 |   200 ||   320
Dodge: Dodged            |    43 |   106 |   134 |   214 ||   497
Block: Buckler           |    17 |   102 |   140 |   321 ||   580
       Reflection        |       |     1 |       |    11 ||    12
